 Dungeon Crawl Stone Soup version 0.25-a0-189-gf71692caf1 (webtiles) character file.

Game seed: 6911765765019529732, levelgen mode: deterministic

441 Leeroy the Destroyer (level 6, 0/45 HPs)
             Began as a Draconian Conjurer on Nov 29, 2019.
             Slain by a hippogriff (2 damage)
             ... on level 7 of the Dungeon.
             The game lasted 00:11:24 (5017 turns).

Leeroy the Destroyer (Draconian Conjurer)           Turns: 5017, Time: 00:11:25

Health: 0/45       AC:  9    Str: 11    XL:     6   Next: 71%
Magic:  4/9        EV:  7    Int: 17    God:
Gold:   172        SH: 12    Dex: 11    Spells: 6/9 levels left

rFire    + . .     SeeInvis .   v - +0 falchion
rCold    + . .     Gourm    .   d - +2 large shield
rNeg     . . .     Faith    .   (armour unavailable)
rPois    +         Spirit   .   (helmet restricted)
rElec    .         Reflect  .   D - scarf {rC+ rF+}
rCorr    .         Harm     .   c - +2 pair of gloves
MR       .....                  (no boots)
Stlth    ++........             (no amulet)
HPRegen  0.15/turn              n - +2 ring of slaying
MPRegen  0.11/turn              y - ring of poison resistance

@: hasted, very quick
A: unfitting armour, cold-blooded, AC +6
a: no special abilities


You were on level 7 of the Dungeon.
You were not hungry.

You visited 2 branches of the dungeon, and saw 8 of its levels.

You collected 172 gold pieces.

Inventory:

Hand Weapons
 f - a +0 whip
 h - a +0 short sword
 i - a +2 dagger of venom
 m - a +0 falchion
 v - a +0 falchion (weapon)
Missiles
 e - 13 poisoned darts (quivered)
 k - 7 boomerangs
Armour
 c - a +2 pair of gloves (worn)
 d - a +2 large shield (worn)
 C - a +0 cloak
 D - a scarf of resistance (worn)
Jewellery
 n - a +2 ring of slaying (left hand)
 x - an uncursed ring of fire
 y - a ring of poison resistance (right hand)
 B - an uncursed ring of poison resistance
 H - an uncursed ring of flight {unknown}
Wands
 G - a wand of digging (5)
Scrolls
 a - 2 scrolls of identify
 g - a scroll of immolation {unknown}
 l - 3 scrolls of blinking {unknown}
 o - 2 scrolls of teleportation {unknown}
 s - 7 scrolls of remove curse {unknown}
 u - a scroll of random uselessness {unknown}
 A - a scroll of noise {unknown}
 F - a scroll of summoning {unknown}
 I - 2 scrolls of enchant armour {unknown}
Potions
 j - 2 potions of haste
 p - 2 potions of berserk rage {unknown}
 q - a potion of brilliance {unknown}
 r - a potion of ambrosia {unknown}
 t - a potion of curing {unknown}
 w - a potion of flight {unknown}
 z - 2 potions of heal wounds {unknown}
 E - a potion of degeneration {unknown}
 J - a potion of might {unknown}
Comestibles
 b - 6 rations


   Skills:
 - Level 1.7 Dodging
 - Level 1.7 Stealth
 - Level 1.1 Shields
 - Level 2.0 Spellcasting
 + Level 8.0 Conjurations


You had 6 spell levels left.
You knew the following spells:

 Your Spells              Type           Power        Failure   Level  Hunger
a - Magic Dart            Conj           ####         16%         1    #......
b - Searing Ray           Conj           ####..       24%         2    ###....

Your spell library contained the following spells:

 Spells                   Type           Power        Failure   Level  Hunger
 Iskenderun's Mystic Bla  Conj           ####....     83%         4    #####..
 Dazzling Spray           Conj/Hex       ###...       94%         3    ###....
 Force Lance              Conj/Tloc      ###.....     100%        4    #####..
 Fulminant Prism          Conj/Hex       ###.......   100%        4    #####..


Dungeon Overview and Level Annotations

Branches:
Dungeon (7/15)             Temple (1/1) D:6

Altars:
Ashenzari
Dithmenos
Elyvilon
Fedhas
Gozag
Kikubaaqudgha
Makhleb
Okawaru
Qazlal
Sif Muna
Trog
Uskayaw
Xom
Yredelemnul

Annotations:
D:4 1 runed translucent door, Crazy Yiuf, Sigmund
D:5 Blork the orc, Dowan, Duvessa, Ijyb
D:6 Eustachio, Prince Ribbit


Innate Abilities, Weirdness & Mutations

Your plain brown scales are hard. (AC +6)
You cannot fit into any form of body armour.
You are cold-blooded and may be slowed by cold attacks.


Message History

Casting: Searing Ray (safe; 24% risk of failure)
Confirm with . or Enter, or press ? or * to list all spells.
Aiming: Searing Ray (safe; 24% risk of failure)
Press: ? - help, Shift-Dir - straight line, f - hippogriff
Aim: a hippogriff (moderately wounded)
The searing ray hits the hippogriff.
The hippogriff is heavily wounded. (Press . to maintain the ray.)
The searing ray hits the hippogriff!
The hippogriff is severely wounded.
The hippogriff bites you.
* * * LOW HITPOINT WARNING * * *
The hippogriff pecks you but does no damage.
The hippogriff claws you but does no damage.
The searing ray hits the hippogriff.
The hippogriff is severely wounded.
The searing ray misses the hippogriff.
You finish channeling your searing ray.
The hippogriff bites you but does no damage.
You block the hippogriff's attack. The hippogriff claws you.
You die...

#..#####.....#
#..##
##.##.....
#>.# #.## #...
#.. ##.# ##
##.. ##..# ##.
##...# ...
##...## #.#
#...##
#..###@.##
#..#H.##
#..#######
##........
#........
#..#####. #.##
#.# #.#


You could see a hippogriff.

Vanquished Creatures
  A phantom (D:7)
  A black bear (D:7)
  A bullfrog zombie (D:4)
  A crimson imp (Temple)
  A hound (D:7)
  3 worker ants
  2 adders (D:2)
  A worm (D:2)
  4 dart slugs
  A leopard gecko (D:2)
  An orc (D:3)
  5 giant cockroaches
  7 goblins
  9 hobgoblins
  10 jackals
  6 kobolds
  2 quokkas (D:2)
  6 bats
  5 frilled lizards
  6 rats
73 creatures vanquished.

Notes
Turn   | Place    | Note
-------+----------+-------------------------------------------
     0 | D:1      | Leeroy the Draconian Conjurer began the quest for the Orb.
     0 | D:1      | Reached XP level 1. HP: 14/14 MP: 3/3
   241 | D:1      | Reached XP level 2. HP: 6/20 MP: 1/5
   249 | D:1      | Learned a level 2 spell: Searing Ray
  1040 | D:1      | You fall into a shaft and drop 1 floor!
  1095 | D:2      | Found an iron altar of Okawaru.
  1165 | D:2      | Reached skill level 5 in Conjurations
  1165 | D:2      | Reached XP level 3. HP: 21/26 MP: 6/6
  1522 | D:2      | Reached skill level 1 in Shields
  1527 | D:2      | Reached XP level 4. HP: 18/33 MP: 7/7
  3062 | D:4      | Reached skill level 6 in Conjurations
  3147 | D:4      | Found a runed translucent door.
  3148 | D:4      | Noticed Crazy Yiuf
  3273 | D:4      | Noticed Sigmund
  3377 | D:4      | Reached XP level 5. HP: 27/38 MP: 8/8
  3400 | D:5      | Entered Level 5 of the Dungeon
  3400 | D:5      | Noticed Duvessa
  3400 | D:5      | Noticed Dowan
  3436 | D:5      | Noticed Blork the orc
  3513 | D:5      | Found a blossoming altar of Fedhas.
  3865 | D:5      | Noticed Ijyb
  4172 | D:6      | Noticed Eustachio
  4266 | D:6      | Found a staircase to the Ecumenical Temple.
  4285 | Temple   | Entered the Ecumenical Temple
  4517 | D:6      | Noticed an ogre
  4788 | D:6      | Noticed Prince Ribbit
  4792 | D:7      | Noticed a black bear
  4801 | D:7      | Killed a black bear
  4801 | D:7      | Reached skill level 7 in Conjurations
  4801 | D:7      | Reached XP level 6. HP: 40/45 MP: 3/9
  4868 | D:7      | Noticed a hippogriff
  4993 | D:7      | Noticed a hippogriff
  5006 | D:7      | Reached skill level 8 in Conjurations
  5015 | D:7      | HP: 2/45 [hippogriff (2)]
  5017 | D:7      | Slain by a hippogriff

Levels and vault maps discovered:
D:1:      eino_arrival_water_star, layout_basic
D:2:      layout_basic, okawaru_ov_weapons_minmay, serial_aquarium,
          aquarium_bridge_straight [aquarium_subvault_bridge,
          aquarium_subvault_wall, aquarium_subvault_bridge,
          aquarium_subvault_wall], aquarium_window_2, aquarium_window_1,
          aquarium_view_2a, aquarium_view_2c, aquarium_balcony_double_4
D:3:      layout_basic, first_ration
D:4:      layout_layer_cave, uniq_crazy_yiuf_cottage, uniq_grinder, uniq_sigmund
D:5:      layout_cave_pods, fedhas_ov_isle_minmay, uniq_ijyb,
          uniq_blork_the_orc, uniq_duvessa
D:6:      layout_basic, minmay_temple_entry_large_hall, uniq_eustachio,
          uniq_prince_ribbit1
D:7:      layout_cave_pods, zin_statuary, nicolae_ru_great_annihilating_truth
Temple:   nicolae_temple_hex_pool

Skill      XL: |  1  2  3  4  5  6 |
---------------+-------------------+-----
Conjurations   | 5 6 7 8 |  8.0
Shields        | 1 |  1.1
Dodging        | |  1.7
Stealth        | |  1.7
Spellcasting   | |  2.0

Action                   |  1- 3 |  4- 6 || total
-------------------------+-------+-------++-------
Melee: Unarmed           |    88 |       ||    88
       Tailslap          |    17 |    23 ||    40
       Short sword       |   112 |    20 ||   132
       Whip              |    14 |       ||    14
       Falchion          |       |   177 ||   177
 Cast: Magic Dart        |     7 |       ||     7
       Searing Ray       |     2 |     5 ||     7
  Use: Scroll            |       |     3 ||     3
       Potion            |       |     1 ||     1
 Stab: Sleeping          |     2 |     3 ||     5
  Eat: Chunk             |     3 |     8 ||    11
       Ration            |       |     1 ||     1
Armor: Skin              |   107 |    96 ||   203
Dodge: Dodged            |   126 |    71 ||   197
Block: Large shield      |    82 |   147 ||   229
       Rpst.: Falchion   |       |    18 ||    18

Table legend:
 A = Non-vault XP
 B = Vault XP
 C = Vault XP percentage of total XP
 D = Non-vault monster count
 E = Vault monster count
 F = Vault count percentage of total count
                 A         B        C        D         E       F
            +---------+---------+-------+---------+---------+-------
      Total |     631 |       0 |   0.0 |      73 |       0 |   0.0
            +---------+---------+-------+---------+---------+-------
        D:1 |      31 |       0 |   0.0 |      19 |       0 |   0.0
        D:2 |      79 |       0 |   0.0 |      28 |       0 |   0.0
        D:3 |      36 |       0 |   0.0 |      17 |       0 |   0.0
        D:4 |      80 |       0 |   0.0 |       2 |       0 |   0.0
        D:5 |      66 |       0 |   0.0 |       3 |       0 |   0.0
        D:7 |     295 |       0 |   0.0 |       3 |       0 |   0.0
     Temple |      44 |       0 |   0.0 |       1 |       0 |   0.0
            +---------+---------+-------+---------+---------+-------
